 Dungeon Crawl Stone Soup version 0.31-a0-1169-gd935f9fcdc (webtiles) character file.

Game seed: 2934630335709239470

121 Profistyle the Grave Robber (level 4, 24/24 HPs)
             Began as a Deep Elf Necromancer on Dec 10, 2023.
             Quit the game on level 2 of the Dungeon.
             The game lasted 00:06:47 (1656 turns).

Profistyle the Grave Robber (Deep Elf Necromancer)  Turns: 1656, Time: 00:06:47

Health: 24/24      AC:  2    Str:  5    XL:     4   Next: 77%
Magic:  6/12       EV: 13    Int: 25    God:
Gold:   92         SH:  0    Dex: 15    Spells: 10/11 levels left

rFire   . . .        m - +9 short sword of Balaub {heavy, *Rage rC+ Int+3}
rCold   + . .        (no shield)
rNeg    . . .        a - +0 robe
rPois   .            (no helmet)
rElec   .            (no cloak)
rCorr   .            (no gloves)
SInv    .            (no boots)
Will    .....        (no amulet)
Stlth   +++          (no ring)
HPRegen 0.24/turn    (no ring)
MPRegen 0.13/turn

%: random rage (20%)
@: no status effects
A: no striking features
a: no special abilities


You were on level 2 of the Dungeon.
You visited 1 branch of the dungeon, and saw 2 of its levels.

You collected 92 gold pieces.

Inventory:

Hand Weapons
 c - a +2 war axe of distortion
 g - a +3 whip
 m - the +9 short sword of Balaub (weapon) {heavy, *Rage rC+ Int+3}
   (You found it on level 2 of the Dungeon)

   Int+3:     It affects your intelligence (+3).
   rC+:       It protects you from cold.
   *Rage:     It berserks you when you make melee attacks (+20% chance).
 n - a +1 dagger of pain
Armour
 a - a +0 robe (worn)
Scrolls
 e - 2 scrolls of enchant weapon {unknown}
 f - a scroll of teleportation {unknown}
 j - a scroll of fog {unknown}
 l - a scroll of butterflies {unknown}
Potions
 b - 2 potions of magic
 d - 2 potions of curing {unknown}
 h - 3 potions of degeneration {unknown}
 i - a potion of ambrosia {unknown}
 k - a potion of haste {unknown}


   Skills:
 + Level 3.7 Dodging
 + Level 3.8 Stealth
 + Level 4.2 Spellcasting
 + Level 5.5 Necromancy


You had 10 spell levels left.
You knew the following spells:

 Your Spells              Type           Power      Damage    Failure   Level
a - Necrotise             Necr           100%       1d9       1%          1

Your spell library contained the following spells:

 Spells                   Type           Power      Damage    Failure   Level
 Vampiric Draining        Necr           33%        2d8       2%          3
 Animate Dead             Necr           33%        N/A       9%          4
 Agony                    Necr           33%        N/A       26%         5


Dungeon Overview and Level Annotations

Branches:
Dungeon (2/15)

Altars:

Shops:
D:2 !


Message History

Aiming: Necrotise (safe; 1% risk of failure)
Press: ? - help, Shift-Dir - straight line, f - worm
Aim: a worm (asleep, chance to affect: 88%)
The worm writhes in agony.
Casting: Necrotise (safe; 1% risk of failure)
Confirm with . or Enter, or press ? or * to list all spells.
Aiming: Necrotise (safe; 1% risk of failure)
Press: ? - help, Shift-Dir - straight line, f/p - worm
Aim: a worm (lightly wounded, chance to affect: 88%)
The worm writhes in agony.
Casting: Necrotise (safe; 1% risk of failure)
Confirm with . or Enter, or press ? or * to list all spells.
Aiming: Necrotise (safe; 1% risk of failure)
Press: ? - help, Shift-Dir - straight line, f/p - worm
Aim: a worm (moderately wounded, chance to affect: 88%)
The worm writhes in agony.
Casting: Necrotise (safe; 1% risk of failure)
Confirm with . or Enter, or press ? or * to list all spells.
Aiming: Necrotise (safe; 1% risk of failure)
Press: ? - help, Shift-Dir - straight line, f/p - worm
Aim: a worm (moderately wounded, chance to affect: 88%)
The worm barely resists.
The endoplasm quivers.
Casting: Necrotise (safe; 1% risk of failure)
Confirm with . or Enter, or press ? or * to list all spells.
Aiming: Necrotise (safe; 1% risk of failure)
Press: ? - help, Shift-Dir - straight line, f/p - worm
Aim: a worm (moderately wounded, chance to affect: 88%)
The worm writhes in agony!
The endoplasm barely misses you.
Casting: Necrotise (safe; 1% risk of failure)
Confirm with . or Enter, or press ? or * to list all spells.
Aiming: Necrotise (safe; 1% risk of failure)
Press: ? - help, Shift-Dir - straight line, f/p - worm
Aim: a worm (severely wounded, chance to affect: 88%)
The worm writhes in agony.
You kill the worm!
The endoplasm closely misses you.
Unknown command.
Okay, then.
Are you sure you want to abandon this character and quit the game? (Confirm with "yes".)

#####.#...#..#)####.##.#.#
.......<.....#.# #.##.#.#
.####..#..#.##.####.##.#.#
..................##.#.#
#.##..##.#.##.#######...#
# ... ..#.##.# #####
#########.##.###
........J........
####..@#.##.....
#..†#..J.....
#...####..... .....# ....
......# ... ........# .
........# ........#


You could see an endoplasm.

Vanquished Creatures
  2 orc priests (D:2)
  An orc wizard (D:2)
  A worm (D:2)
  2 orcs (D:2)
  2 endoplasms (D:1)
  A giant cockroach (D:1)
  3 goblins
  2 hobgoblins (D:2)
  A jackal (D:1)
  2 quokkas (D:2)
  2 ball pythons
  6 bats
  8 kobolds
  A rat (D:1)
34 creatures vanquished.

Vanquished Creatures (collateral kills)
  A frilled lizard (D:1)
  A rat (D:2)
2 creatures vanquished.

Grand Total: 36 creatures vanquished

Notes
Turn   | Place    | Note
-------+----------+-------------------------------------------
     0 | D:1      | Profistyle the Deep Elf Necromancer began the quest for the
                  | Orb.
     0 | D:1      | Reached XP level 1. HP: 10/10 MP: 6/6
   258 | D:1      | Reached skill level 5 in Necromancy
   258 | D:1      | Reached XP level 2. HP: 15/15 MP: 6/8
  1203 | D:2      | Identified the +9 short sword of Balaub {heavy, *Rage rC+
                  | Int+3}
  1312 | D:2      | Found Rearag's Distillery.
  1348 | D:2      | Reached XP level 3. HP: 19/19 MP: 8/10
  1477 | D:2      | Reached XP level 4. HP: 24/24 MP: 8/12
  1656 | D:2      | Quit the game

Illustrated notes

Levels and vault maps discovered:
D:1:      dpeg_arrival_castle, layout_loops_ring, minivault_11,
          dreamdust_princess_corridor, minmay_pentomino_t4
D:2:      layout_basic, serial_shops, nicolae_shop_industrial_runoff

Skill      XL: |  1  2  3 |
---------------+----------+-----
Necromancy     | 5 |  5.5
Stealth        | 3 |  3.8
Dodging        | 3 |  3.7
Spellcasting   | 4 |  4.2

Action                     |  1- 3 |  4- 6 || total
---------------------------+-------+-------++-------
   Cast: Necrotise         |    55 |    12 ||    67
 Armour: Robe              |     6 |       ||     6
  Dodge: Dodged            |     7 |     2 ||     9

Table legend: (Time is in decaauts)
 A = Elapsed time spent in this place.
 B = Non-inter-level travel time spent in this place.
 C = Inter-level travel time spent in this place.
 D = Time resting spent in this place.
 E = Time spent auto-exploring this place.
 F = Levels seen in this place.
 G = Mean time per level.
                   A        B        C        D        E       F      G
               +--------+--------+--------+--------+--------+-----+--------+
         Total |   1661 |   1559 |    102 |      2 |   1313 |   2 |  830.5 |
       Dungeon |   1661 |   1559 |    102 |      2 |   1313 |   2 |  830.5 |
               +--------+--------+--------+--------+--------+-----+--------+

Top non-repeatable levels by time:
     D:1: 1080 daAuts
     D:2: 581 daAuts
